[Event "FICS rated blitz game"]
[Site "FICS freechess.org"]
[FICSGamesDBGameNo "20002115"]
[White "Blueagle"]
[Black "Belyavsky"]
[WhiteElo "1866"]
[BlackElo "1956"]
[WhiteRD "na"]
[BlackRD "na"]
[TimeControl "180+0"]
[Date "1999.09.27"]
[Time "09:30:00"]
[WhiteClock "0:03:00.000"]
[BlackClock "0:03:00.000"]
[ECO "C13"]
[PlyCount "50"]
[Result "1/2-1/2"]

1. e4 e6 2. Nc3 d5 3. d4 Nf6 4. Bg5 Be7 5. e5 Nfd7 6. h4 a6 7. Qg4 f5 8. Qh5+ g6 9. Qf3 c5 10. O-O-O Nc6 11. dxc5 Bxg5+ 12. hxg5 Qxg5+ 13. Kb1 Nxc5 14. Qe2 Nd7 15. Nh3 Qe7 16. f4 Nc5 17. Ng5 Bd7 18. Rh3 O-O-O 19. Qf2 Ne4 20. Ngxe4 dxe4 21. Qb6 Qb4 22. Qf2 Kb8 23. Rd6 Bc8 24. a3 Qa5 25. Qd2 Qc7 {Game drawn by mutual agreement} 1/2-1/2

[Event "FICS rated blitz game"]
[Site "FICS freechess.org"]
[FICSGamesDBGameNo "20002114"]
[White "podotox"]
[Black "Evolution"]
[WhiteElo "1391"]
[BlackElo "1355"]
[WhiteRD "na"]
[BlackRD "na"]
[TimeControl "240+0"]
[Date "1999.09.27"]
[Time "09:28:00"]
[WhiteClock "0:04:00.000"]
[BlackClock "0:04:00.000"]
[ECO "C54"]
[PlyCount "90"]
[Result "0-1"]

1. e4 e5 2. Nf3 Nc6 3. Bc4 Nf6 4. d3 Bc5 5. c3 O-O 6. O-O d6 7. Re1 Be6 8. Nbd2 Qd7 9. Nf1 Bxc4 10. dxc4 Ne7 11. Ng3 Ng6 12. Nf5 h6 13. Be3 Bxe3 14. Rxe3 Ng4 15. Rd3 Nf4 16. Rd2 g6 17. Ng3 h5 18. c5 Rad8 19. cxd6 cxd6 20. h3 Nf6 21. Ne2 Ne6 22. Nh4 Nxe4 23. Rd3 N6c5 24. Rd5 Qe7 25. f3 Qxh4 26. fxe4 Qxe4 27. Rxd6 Rxd6 28. Qxd6 Qe3+ 29. Kh1 Ne4 30. Qxe5 Qxe2 31. Qf4 Nf2+ 32. Kh2 Nd3 33. Qf3 Qxf3 34. gxf3 b6 35. Rd1 Nxb2 36. Rd7 a5 37. Rb7 Nc4 38. Rc7 b5 39. Rb7 Nd6 40. Rb6 Rd8 41. Kg3 Kg7 42. h4 Re8 43. a3 Re6 44. Rc6 a4 45. Rc5 Nc4 {White forfeits on time} 0-1

[Event "FICS rated blitz game"]
[Site "FICS freechess.org"]
[FICSGamesDBGameNo "20002113"]
[White "Rongley"]
[Black "ipa"]
[WhiteElo "1333"]
[BlackElo "1115"]
[WhiteRD "na"]
[BlackRD "na"]
[TimeControl "300+12"]
[Date "1999.09.27"]
[Time "08:57:00"]
[WhiteClock "0:05:00.000"]
[BlackClock "0:05:00.000"]
[ECO "A00"]
[PlyCount "55"]
[Result "0-1"]

1. e3 e5 2. d4 Nc6 3. dxe5 Nxe5 4. Nf3 Nxf3+ 5. Qxf3 Nf6 6. Nc3 Bb4 7. Bd2 Bxc3 8. Bxc3 O-O 9. Bd3 d5 10. O-O-O Bg4 11. Qg3 Bxd1 12. Rxd1 c5 13. Bxh7+ Kxh7 14. e4 d4 15. Rd3 Nxe4 16. Qh3+ Kg8 17. Bd2 Nxf2 18. Qg3 Nxd3+ 19. cxd3 g6 20. Bh6 Re8 21. Bg5 Qa5 22. Kb1 Re1+ 23. Kc2 Re3 24. Bxe3 dxe3 25. Kb1 Re8 26. h4 e2 27. h5 e1=Q+ 28. Qxe1 {White resigns} 0-1

[Event "FICS rated lightning game"]
[Site "FICS freechess.org"]
[FICSGamesDBGameNo "20002112"]
[White "larsa"]
[Black "valdushka"]
[WhiteElo "2063"]
[BlackElo "2005"]
[WhiteRD "na"]
[BlackRD "na"]
[TimeControl "60+0"]
[Date "1999.09.27"]
[Time "07:35:00"]
[WhiteClock "0:01:00.000"]
[BlackClock "0:01:00.000"]
[ECO "A70"]
[PlyCount "105"]
[Result "1-0"]

1. d4 c5 2. Nf3 Nf6 3. d5 e6 4. c4 exd5 5. cxd5 d6 6. Nc3 g6 7. e4 Bg7 8. Bb5+ Bd7 9. Qb3 a6 10. Bxd7+ Qxd7 11. O-O O-O 12. Re1 Qe7 13. a4 Nbd7 14. Bg5 Ne5 15. Nxe5 Qxe5 16. Be3 Nxe4 17. Nxe4 Qxe4 18. Bxc5 Qf4 19. Be3 Qe5 20. Bh6 Qh5 21. Bxg7 Kxg7 22. Qxb7 Qf5 23. Qc6 Rad8 24. b4 h5 25. b5 axb5 26. axb5 h4 27. b6 h3 28. Qc3+ f6 29. Qxh3 Qxh3 30. gxh3 Rb8 31. Ra7+ Rf7 32. b7 Rfxb7 33. Rxb7+ Rxb7 34. Re6 Rb6 35. h4 g5 36. hxg5 fxg5 37. Kg2 Kf7 38. Kg3 Kg7 39. f3 Kf7 40. h3 Ra6 41. Kg4 Kg7 42. Kxg5 Rb6 43. f4 Kg8 44. f5 Rb7 45. f6 Rc7 46. Rxd6 Rh7 47. h4 Rh5+ 48. Kxh5 Kf7 49. Kg5 Ke8 50. Re6+ Kf7 51. Re7+ Kf8 52. Kg6 Kg8 53. Re8# {Black checkmated} 1-0

[Event "FICS rated blitz game"]
[Site "FICS freechess.org"]
[FICSGamesDBGameNo "20002111"]
[White "ovonianos"]
[Black "Elnorvego"]
[WhiteElo "1527"]
[BlackElo "1700"]
[WhiteRD "na"]
[BlackRD "na"]
[TimeControl "180+1"]
[Date "1999.09.27"]
[Time "06:15:00"]
[WhiteClock "0:03:00.000"]
[BlackClock "0:03:00.000"]
[ECO "B86"]
[PlyCount "84"]
[Result "0-1"]

1. e4 c5 2. Nf3 d6 3. d4 cxd4 4. Nxd4 Nf6 5. Nc3 a6 6. Bc4 e6 7. O-O Nc6 8. Bb3 Be7 9. f4 O-O 10. Nxc6 bxc6 11. Qf3 Re8 12. Kh1 d5 13. e5 Nd7 14. Be3 c5 15. f5 Nxe5 16. Qg3 Qd6 17. Bf4 f6 18. Nxd5 exd5 19. c4 d4 20. Rae1 Bb7 21. Ba4 Bc6 22. Bxc6 Qxc6 23. Bxe5 fxe5 24. Rxe5 Bd6 25. Rxe8+ Rxe8 26. Qg4 Re4 27. Qf3 Rf4 28. Qxf4 Bxf4 29. Rxf4 Qh6 30. Rf1 d3 31. h3 Qe3 32. Kh2 d2 33. f6 Qe1 34. Rxe1 dxe1=Q 35. fxg7 Qe5+ 36. Kg1 Kxg7 37. b3 Kg6 38. a4 Kg5 39. a5 Kf4 40. b4 Kg3 41. Kf1 Qe3 42. bxc5 Qf2# {White checkmated} 0-1

[Event "FICS rated blitz game"]
[Site "FICS freechess.org"]
[FICSGamesDBGameNo "20002110"]
[White "sofus"]
[Black "Piropiro"]
[WhiteElo "1855"]
[BlackElo "1715"]
[WhiteRD "na"]
[BlackRD "na"]
[TimeControl "180+0"]
[Date "1999.09.27"]
[Time "03:43:00"]
[WhiteClock "0:03:00.000"]
[BlackClock "0:03:00.000"]
[ECO "C01"]
[PlyCount "84"]
[Result "0-1"]

1. e4 e6 2. d4 d5 3. exd5 exd5 4. c4 Nf6 5. Nc3 Bb4 6. Bd3 O-O 7. Ne2 dxc4 8. Bxc4 Be6 9. Bxe6 fxe6 10. O-O Ng4 11. h3 Nf6 12. Bg5 Nc6 13. Ne4 Be7 14. Qb3 Qd5 15. Nxf6+ Bxf6 16. Bxf6 Rxf6 17. Qxb7 Rb8 18. Qxc7 Rxb2 19. Nc3 Qc4 20. Ne4 Rf8 21. Nd6 Rbxf2 22. Rxf2 Qxd4 23. Rf1 Ne5 24. Nb5 Qe3 25. Qxa7 Qxa7 26. Nxa7 Ra8 27. Nb5 h6 28. Nd6 Nd3 29. Rd2 Nc5 30. Nc4 Ne4 31. Re2 Ng3 32. Rxe6 Nxf1 33. Kxf1 Rc8 34. Re4 Rc5 35. Ne3 Ra5 36. a4 Rc5 37. Ke2 Rc8 38. Kd3 Rd8+ 39. Kc3 Rc8+ 40. Kb4 Rb8+ 41. Ka5 Ra8+ 42. Kb6 Rb8+ {White forfeits on time} 0-1

[Event "FICS rated blitz game"]
[Site "FICS freechess.org"]
[FICSGamesDBGameNo "20002109"]
[White "somebloke"]
[Black "sonikf"]
[WhiteElo "1433"]
[BlackElo "1509"]
[WhiteRD "na"]
[BlackRD "na"]
[TimeControl "240+0"]
[Date "1999.09.27"]
[Time "01:58:00"]
[WhiteClock "0:04:00.000"]
[BlackClock "0:04:00.000"]
[ECO "C35"]
[PlyCount "60"]
[Result "0-1"]

1. e4 e5 2. f4 exf4 3. Nf3 Be7 4. Bc4 Bh4+ 5. g3 fxg3 6. O-O gxh2+ 7. Kh1 d5 8. Nxh4 dxc4 9. Qf3 Be6 10. Nf5 Bxf5 11. Qxf5 Qe7 12. Nc3 Nd7 13. Nd5 Nh6 14. Nxe7 Nxf5 15. Nxf5 O-O 16. d3 cxd3 17. cxd3 Ne5 18. d4 Nd3 19. Bd2 Nxb2 20. Bc3 Nc4 21. d5 f6 22. Rf2 Rfe8 23. Re1 Ne5 24. Rxh2 Nf3 25. Rg1 Nxg1 26. Kxg1 Rxe4 27. Rg2 g6 28. Bxf6 Kf7 29. Nd6+ cxd6 30. Bg5 Rae8 {White resigns} 0-1

[Event "FICS rated blitz game"]
[Site "FICS freechess.org"]
[FICSGamesDBGameNo "20002108"]
[White "BOGGLE"]
[Black "JackieCui"]
[WhiteElo "1387"]
[BlackElo "1184"]
[WhiteRD "na"]
[BlackRD "na"]
[TimeControl "300+12"]
[Date "1999.09.26"]
[Time "23:54:00"]
[WhiteClock "0:05:00.000"]
[BlackClock "0:05:00.000"]
[ECO "C57"]
[PlyCount "157"]
[Result "1-0"]

1. e4 e5 2. Nf3 Nc6 3. Bc4 Nf6 4. Ng5 d5 5. exd5 Nxd5 6. d3 h6 7. Ne4 Nf4 8. O-O Bf5 9. Bxf4 exf4 10. Qe2 Be7 11. Nc5 Nd4 12. Qe5 O-O 13. Bb3 Re8 14. Ne4 Bg6 15. Nbc3 Bg5 16. Qa5 Nxb3 17. axb3 b6 18. Qa6 Bxe4 19. Nxe4 Qd4 20. Ra2 f5 21. Nxg5 hxg5 22. Qb7 Rad8 23. Rxa7 Re7 24. Qc6 Rde8 25. Rxc7 Rxc7 26. Qxc7 g4 27. Qc4+ Qxc4 28. bxc4 Re2 29. Rc1 g3 30. hxg3 fxg3 31. f3 f4 32. b4 Kf7 33. d4 Ke6 34. c3 Kd6 35. c5+ bxc5 36. bxc5+ Kd5 37. Kf1 Re3 38. Rc2 Kc6 39. c4 g5 40. Re2 Rd3 41. Re6+ Kd7 42. Rd6+ Kc7 43. Rd5 Rc3 44. Rxg5 Rxc4 45. Rd5 Kc6 46. Rd6+ Kc7 47. Ke2 Rc2+ 48. Kf1 Rf2+ 49. Kg1 Rd2 50. Kf1 Rf2+ 51. Kg1 Rd2 52. Kf1 Rf2+ 53. Kg1 Rd2 54. Kf1 Rf2+ 55. Kg1 Rc2 56. Kf1 Rc4 57. Ke2 Rc2+ 58. Kd3 Rxg2 59. Rg6 Rf2 60. Ke4 g2 61. Kxf4 Rd2 62. Ke3 Ra2 63. f4 Ra3+ 64. Ke4 Ra2 65. f5 Kd7 66. c6+ Kc7 67. d5 g1=Q 68. Rxg1 Kd6 69. Rg6+ Ke7 70. d6+ Kf7 71. c7 Re2+ 72. Kd5 Rd2+ 73. Kc6 Ke8 74. c8=Q+ Kf7 75. Qd7+ Kf8 76. Rf6+ Kg8 77. Qe8+ Kg7 78. Qg6+ Kh8 79. Rf8# {Black checkmated} 1-0

[Event "FICS rated blitz game"]
[Site "FICS freechess.org"]
[FICSGamesDBGameNo "20002107"]
[White "Sol"]
[Black "Murali"]
[WhiteElo "1829"]
[BlackElo "1696"]
[WhiteRD "na"]
[BlackRD "na"]
[TimeControl "300+0"]
[Date "1999.09.26"]
[Time "22:29:00"]
[WhiteClock "0:05:00.000"]
[BlackClock "0:05:00.000"]
[ECO "B00"]
[PlyCount "83"]
[Result "1-0"]

1. e4 b6 2. d4 Bb7 3. Bd3 e6 4. Nf3 Nf6 5. Qe2 Bb4+ 6. Bd2 Qe7 7. Bxb4 Qxb4+ 8. c3 Qe7 9. Nbd2 Na6 10. O-O Nb8 11. g3 Nc6 12. e5 Nd5 13. a3 O-O 14. c4 f5 15. cxd5 exd5 16. Nb3 f4 17. Rac1 fxg3 18. fxg3 h6 19. Nh4 Qe6 20. Bf5 Qe8 21. Qg4 Rd8 22. Qg6 Qxg6 23. Bxg6 Ne7 24. Bd3 Rxf1+ 25. Rxf1 g5 26. Nf5 Nxf5 27. Rxf5 Kg7 28. Rf6 a5 29. Rg6+ Kf7 30. Rxh6 a4 31. Nd2 c5 32. Nf3 c4 33. Bc2 b5 34. Nxg5+ Ke7 35. Rh7+ Kf8 36. Rf7+ Kg8 37. Bg6 Rf8 38. Bh7+ Kh8 39. Rxf8+ Kg7 40. Rf7+ Kh8 41. Rxd7 Bc8 42. Rd8+ {Black resigns} 1-0

[Event "FICS rated blitz game"]
[Site "FICS freechess.org"]
[FICSGamesDBGameNo "20002106"]
[White "OorWullie"]
[Black "snob"]
[WhiteElo "1571"]
[BlackElo "1500"]
[WhiteRD "na"]
[BlackRD "na"]
[TimeControl "180+0"]
[Date "1999.09.26"]
[Time "22:25:00"]
[WhiteClock "0:03:00.000"]
[BlackClock "0:03:00.000"]
[ECO "A41"]
[PlyCount "97"]
[Result "1-0"]

1. d4 d6 2. e4 e5 3. d5 c6 4. c4 g6 5. Bd3 Bh6 6. Bxh6 Nxh6 7. Nc3 c5 8. Nge2 Qf6 9. Qd2 Ng4 10. f3 Nh6 11. Qxh6 Bd7 12. O-O-O Na6 13. Bc2 O-O-O 14. Qe3 Nb4 15. g4 h5 16. gxh5 Rxh5 17. Rdg1 Rh3 18. Rg3 Nxc2 19. Kxc2 Rdh8 20. Rxh3 Rxh3 21. Qf2 Rxf3 22. Qg2 Rf2 23. Qg3 Ba4+ 24. b3 Bd7 25. Rg1 b5 26. h4 bxc4 27. bxc4 Ba4+ 28. Kd2 Rf3 29. Qg5 Bd7 30. Qxf6 Rxf6 31. Nb5 Bxb5 32. cxb5 Kc7 33. a4 Kb6 34. Nc3 Ka5 35. Kc2 Rf3 36. Rg5 Kb4 37. Ne2 Kxa4 38. h5 gxh5 39. Rxh5 Kxb5 40. Rh6 a5 41. Rxd6 a4 42. Nc3+ Kb4 43. Rb6+ Kc4 44. Nxa4 Kd4 45. Rb7 Kxe4 46. Re7 Kxd5 47. Re8 c4 48. Kb2 Kd4 49. Kc1 {Black forfeits on time} 1-0

[Event "FICS rated blitz game"]
[Site "FICS freechess.org"]
[FICSGamesDBGameNo "20002105"]
[White "venu"]
[Black "Transmux"]
[WhiteElo "1482"]
[BlackElo "1604"]
[WhiteRD "na"]
[BlackRD "na"]
[TimeControl "120+4"]
[Date "1999.09.26"]
[Time "20:50:00"]
[WhiteClock "0:02:00.000"]
[BlackClock "0:02:00.000"]
[ECO "D00"]
[PlyCount "108"]
[Result "0-1"]

1. d4 d5 2. f4 Bg4 3. h3 Bf5 4. Nf3 e6 5. e3 Nf6 6. Bd3 Bxd3 7. Qxd3 Nc6 8. O-O Bd6 9. c4 Nb4 10. Qb3 dxc4 11. Qxc4 O-O 12. a3 Nbd5 13. Nc3 Nxc3 14. bxc3 Ne4 15. Ne5 Qe7 16. Qd3 f5 17. c4 Bxe5 18. fxe5 Qg5 19. Bb2 Rad8 20. Rf3 b6 21. Raf1 c5 22. d5 Rf7 23. d6 a6 24. a4 Rb7 25. Bc1 g6 26. Qb3 Rdd7 27. Kh2 Kh8 28. Qb2 h6 29. Rf4 Qg3+ 30. Kh1 Kh7 31. R4f3 Qg5 32. Kh2 Qf6 33. g4 Qf7 34. Bd2 Rd8 35. Bc3 Rdb8 36. Qa1 b5 37. axb5 axb5 38. cxb5 Ra7 39. Qb2 Qb7 40. b6 Qxb6 41. Qxb6 Rxb6 42. gxf5 gxf5 43. Ba1 Rba6 44. Bb2 Ra2 45. Rb1 Rb7 46. Kh1 Nd2 47. Ra1 Rxa1+ 48. Bxa1 Nxf3 49. Kg2 Ng5 50. h4 Ne4 51. Kf3 c4 52. Bd4 c3 53. Ke2 c2 54. Bb2 Rxb2 {White resigns} 0-1

[Event "FICS rated blitz game"]
[Site "FICS freechess.org"]
[FICSGamesDBGameNo "20002104"]
[White "silverqueen"]
[Black "Dancig"]
[WhiteElo "1344"]
[BlackElo "1329"]
[WhiteRD "na"]
[BlackRD "na"]
[TimeControl "300+5"]
[Date "1999.09.26"]
[Time "19:45:00"]
[WhiteClock "0:05:00.000"]
[BlackClock "0:05:00.000"]
[ECO "E61"]
[PlyCount "52"]
[Result "0-1"]

1. d4 d6 2. c4 g6 3. Nc3 Bg7 4. Nf3 Nf6 5. Bg5 O-O 6. Qd2 Nbd7 7. Bh6 Re8 8. Bxg7 Kxg7 9. e3 c5 10. d5 e6 11. dxe6 fxe6 12. Qxd6 Qe7 13. Qd2 b6 14. Nb5 Nf8 15. Rd1 Bb7 16. Be2 Red8 17. Qc2 a6 18. Nc3 Rxd1+ 19. Nxd1 Be4 20. Qc3 Qc7 21. Kf1 Nd7 22. Ng5 Qc6 23. f3 Bb1 24. f4 h6 25. Bf3 Qd6 26. Ne4 Bxe4 {White resigns} 0-1

[Event "FICS rated blitz game"]
[Site "FICS freechess.org"]
[FICSGamesDBGameNo "20002103"]
[White "Navi"]
[Black "Hasdrubal"]
[WhiteElo "1664"]
[BlackElo "1788"]
[WhiteRD "na"]
[BlackRD "na"]
[TimeControl "300+0"]
[Date "1999.09.26"]
[Time "19:20:00"]
[WhiteClock "0:05:00.000"]
[BlackClock "0:05:00.000"]
[ECO "D03"]
[PlyCount "108"]
[Result "0-1"]

1. d4 Nf6 2. Nf3 d5 3. Bg5 e6 4. e3 Be7 5. Bd3 Nbd7 6. O-O c5 7. c3 b6 8. Nbd2 Bb7 9. Ne5 Nxe5 10. dxe5 Ne4 11. Bxe7 Qxe7 12. Bb5+ Kf8 13. Nxe4 dxe4 14. Qg4 h5 15. Qg3 h4 16. Qg4 h3 17. g3 g6 18. Rfd1 Bd5 19. c4 a6 20. cxd5 axb5 21. d6 Qd7 22. Qg5 Rh5 23. Qg4 Kg7 24. Qxe4 Ra4 25. Qc2 Rxe5 26. b3 Ra8 27. Qe2 Qc6 28. f3 Rd5 29. Rxd5 exd5 30. Qb2+ Kg8 31. Qe5 d4 32. e4 Rd8 33. a4 Qxd6 34. Qxd6 Rxd6 35. axb5 d3 36. Kf2 d2 37. Rd1 Rd3 38. Ke2 Rxb3 39. Rxd2 Rxb5 40. Ke3 Rb3+ 41. Kf4 Kg7 42. Kg4 c4 43. Kxh3 Rxf3 44. Rb2 Rb3 45. Rd2 b5 46. Rd7 c3 47. e5 Kf8 48. Rc7 b4 49. Kg4 Rb2 50. h4 Re2 51. Kf4 c2 52. Rc8+ Kg7 53. Rc7 b3 54. e6 Rxe6 {White resigns} 0-1

[Event "FICS rated lightning game"]
[Site "FICS freechess.org"]
[FICSGamesDBGameNo "20002102"]
[White "theblob"]
[Black "Hartung"]
[WhiteElo "2002"]
[BlackElo "1909"]
[WhiteRD "na"]
[BlackRD "na"]
[TimeControl "60+0"]
[Date "1999.09.26"]
[Time "19:00:00"]
[WhiteClock "0:01:00.000"]
[BlackClock "0:01:00.000"]
[ECO "A85"]
[PlyCount "72"]
[Result "0-1"]

1. d4 d6 2. c4 f5 3. Nc3 Nf6 4. Nf3 e6 5. Bg5 Be7 6. e3 O-O 7. Bd3 h6 8. Bh4 g5 9. Bg3 Nbd7 10. Qc2 e5 11. dxe5 Nxe5 12. Nxe5 dxe5 13. Bxe5 Ne4 14. O-O-O Nxc3 15. Bxc3 Bf6 16. Bxf5 Qe7 17. Bxf6 Qxf6 18. Bh7+ Kg7 19. f4 Bf5 20. Bxf5 Qxf5 21. fxg5 Qxg5 22. Rd7+ Rf7 23. Qc3+ Kg8 24. Rhd1 Raf8 25. g3 Qg6 26. Rd8 Qe6 27. Rxf8+ Kxf8 28. Rd8+ Ke7 29. Rh8 c5 30. Qd3 Rf8 31. Rh7+ Rf7 32. Rh8 Rf8 33. Qh7+ Rf7 34. Qg8 Qxe3+ 35. Kc2 Rf2+ 36. Kd1 Qd2# {White checkmated} 0-1

[Event "FICS rated blitz game"]
[Site "FICS freechess.org"]
[FICSGamesDBGameNo "20002101"]
[White "Vald"]
[Black "IMnetman"]
[WhiteElo "1924"]
[BlackElo "1764"]
[WhiteRD "na"]
[BlackRD "na"]
[TimeControl "300+0"]
[Date "1999.09.26"]
[Time "16:42:00"]
[WhiteClock "0:05:00.000"]
[BlackClock "0:05:00.000"]
[ECO "B26"]
[PlyCount "59"]
[Result "1-0"]

1. e4 c5 2. Nc3 e6 3. g3 g6 4. Bg2 Bg7 5. d3 Nc6 6. Be3 d6 7. Qd2 Rb8 8. Nge2 b5 9. a3 a5 10. O-O b4 11. axb4 axb4 12. Nd1 h5 13. d4 Qe7 14. e5 Nxd4 15. Nxd4 cxd4 16. Bxd4 dxe5 17. Bc6+ Bd7 18. Ra7 Nf6 19. Bxe5 Rd8 20. Bxf6 Bxf6 21. Rxd7 Rxd7 22. Ne3 Be5 23. Rd1 O-O 24. Qxd7 Qf6 25. b3 h4 26. Ng4 Qg5 27. Nxe5 Qxe5 28. Qd4 Qf5 29. Be4 Qg5 30. Qxb4 {Black forfeits on time} 1-0

[Event "FICS rated standard game"]
[Site "FICS freechess.org"]
[FICSGamesDBGameNo "20002100"]
[White "Gautam"]
[Black "tcpip"]
[WhiteElo "1614"]
[BlackElo "1655"]
[WhiteRD "na"]
[BlackRD "na"]
[TimeControl "1800+0"]
[Date "1999.09.26"]
[Time "16:22:00"]
[WhiteClock "0:30:00.000"]
[BlackClock "0:30:00.000"]
[ECO "C47"]
[PlyCount "62"]
[Result "0-1"]

1. e4 e5 2. Nf3 Nf6 3. Nc3 Nc6 4. Bc4 Nxe4 5. Nxe4 d5 6. Bxd5 Qxd5 7. Nc3 Qd8 8. O-O Bd6 9. Re1 O-O 10. d4 Bg4 11. dxe5 Nxe5 12. Bg5 Nxf3+ 13. gxf3 Bxf3 14. Qxf3 Qxg5+ 15. Kh1 Qd2 16. Ne4 Qxc2 17. Nxd6 cxd6 18. Re2 Qc4 19. Re4 Qc6 20. Qg2 d5 21. Rg4 g6 22. Rd4 Rad8 23. Qg5 f6 24. Qg1 Rfe8 25. Rc1 Qb6 26. Rd2 d4 27. Qg2 Qb4 28. f3 d3 29. h3 Qf4 30. Rdd1 d2 31. Rc2 Re1+ {White resigns} 0-1

[Event "FICS rated blitz game"]
[Site "FICS freechess.org"]
[FICSGamesDBGameNo "20002099"]
[White "fighterone"]
[Black "zele"]
[WhiteElo "1670"]
[BlackElo "1916"]
[WhiteRD "na"]
[BlackRD "na"]
[TimeControl "300+2"]
[Date "1999.09.26"]
[Time "16:10:00"]
[WhiteClock "0:05:00.000"]
[BlackClock "0:05:00.000"]
[ECO "E82"]
[PlyCount "80"]
[Result "0-1"]

1. d4 Nf6 2. c4 g6 3. Nc3 Bg7 4. e4 d6 5. f3 O-O 6. Be3 b6 7. Bd3 a6 8. Nge2 c5 9. dxc5 bxc5 10. O-O Nc6 11. Bb1 Nd7 12. a3 Nde5 13. Ba2 Rb8 14. b3 Nd7 15. Rc1 Qa5 16. a4 Nb4 17. Bb1 Ne5 18. h3 Nec6 19. Kh2 Be6 20. Bc2 Nxc2 21. Qxc2 Nd4 22. Bxd4 cxd4 23. Nd5 Bxd5 24. exd5 e5 25. Rcd1 f5 26. Nc1 Rbe8 27. Rfe1 Qc7 28. b4 Rc8 29. c5 dxc5 30. bxc5 Qxc5 31. Qxc5 Rxc5 32. Nd3 Rxd5 33. Rc1 Ra5 34. Rc5 Rxc5 35. Nxc5 a5 36. Ne6 Re8 37. Nxd4 e4 38. fxe4 Bxd4 39. Rb1 fxe4 40. Rb5 e3 {White resigns} 0-1

[Event "FICS rated blitz game"]
[Site "FICS freechess.org"]
[FICSGamesDBGameNo "20002098"]
[White "zaraza"]
[Black "Wilquin"]
[WhiteElo "1911"]
[BlackElo "1722"]
[WhiteRD "na"]
[BlackRD "na"]
[TimeControl "180+0"]
[Date "1999.09.26"]
[Time "15:04:00"]
[WhiteClock "0:03:00.000"]
[BlackClock "0:03:00.000"]
[ECO "A56"]
[PlyCount "53"]
[Result "1-0"]

1. d4 Nf6 2. c4 c5 3. d5 e5 4. dxe6 fxe6 5. Nc3 Be7 6. e4 d6 7. Nf3 O-O 8. Bd3 Nc6 9. O-O e5 10. Nd5 Nxd5 11. cxd5 Nd4 12. Nxd4 cxd4 13. f4 exf4 14. Bxf4 Bf6 15. Qe2 Be5 16. Bd2 Bd7 17. Rac1 Qh4 18. g3 Rxf1+ 19. Rxf1 Qe7 20. Bf4 Rf8 21. Qd2 Bh3 22. Rf2 g6 23. a3 Rc8 24. Bf1 Bxf1 25. Rxf1 Qc7 26. Bh6 Qc2 27. Qxc2 {Black resigns} 1-0

[Event "FICS rated blitz game"]
[Site "FICS freechess.org"]
[FICSGamesDBGameNo "20002097"]
[White "Bluemaster"]
[Black "Burnie"]
[WhiteElo "1905"]
[BlackElo "1845"]
[WhiteRD "na"]
[BlackRD "na"]
[TimeControl "180+0"]
[Date "1999.09.26"]
[Time "13:13:00"]
[WhiteClock "0:03:00.000"]
[BlackClock "0:03:00.000"]
[ECO "B23"]
[PlyCount "21"]
[Result "1-0"]

1. e4 c5 2. Nc3 Nc6 3. f4 g6 4. Bc4 Bg7 5. Nf3 d6 6. O-O e6 7. d3 Nge7 8. Qe1 d5 9. exd5 exd5 10. Nxd5 O-O 11. Nxe7+ {Black resigns} 1-0

[Event "FICS rated blitz game"]
[Site "FICS freechess.org"]
[FICSGamesDBGameNo "20002096"]
[White "Pandolfi"]
[Black "UPRISING"]
[WhiteElo "1495"]
[BlackElo "1475"]
[WhiteRD "na"]
[BlackRD "na"]
[TimeControl "120+12"]
[Date "1999.09.26"]
[Time "12:24:00"]
[WhiteClock "0:02:00.000"]
[BlackClock "0:02:00.000"]
[ECO "B90"]
[PlyCount "91"]
[Result "1-0"]

1. e4 c5 2. Nf3 d6 3. d4 cxd4 4. Nxd4 Nf6 5. Nc3 a6 6. a4 e5 7. Nb3 Be7 8. Be2 O-O 9. f4 Qb6 10. f5 Bd7 11. a5 Qa7 12. Bg5 Nc6 13. Bxf6 Bxf6 14. Nd5 Bh4+ 15. g3 Bd8 16. h4 Ne7 17. f6 Nxd5 18. fxg7 Kxg7 19. Qxd5 Be7 20. O-O-O Be6 21. Qd3 Rac8 22. Na1 Qf2 23. Rhf1 Qb6 24. Qd2 Kh8 25. Bd3 Bf6 26. Rxf6 Bg4 27. Rdf1 Bh5 28. g4 Bxg4 29. Rxf7 Bh5 30. Rxf8+ Rxf8 31. Rxf8+ Kg7 32. Rf5 Bg6 33. Rg5 h6 34. Rg2 Kh7 35. Nb3 Qd8 36. Qf2 Qc8 37. h5 Bxh5 38. Qf5+ Qxf5 39. exf5 Bf3 40. Rg1 Bd5 41. f6+ Kh8 42. Nd2 h5 43. Bc4 Bxc4 44. Nxc4 d5 45. f7 dxc4 46. f8=Q+ {Black resigns} 1-0

[Event "FICS rated blitz game"]
[Site "FICS freechess.org"]
[FICSGamesDBGameNo "20002095"]
[White "SamEKing"]
[Black "spoff"]
[WhiteElo "1537"]
[BlackElo "1517"]
[WhiteRD "na"]
[BlackRD "na"]
[TimeControl "180+0"]
[Date "1999.09.26"]
[Time "11:39:00"]
[WhiteClock "0:03:00.000"]
[BlackClock "0:03:00.000"]
[ECO "C22"]
[PlyCount "87"]
[Result "1-0"]

1. e4 e5 2. d4 exd4 3. Qxd4 Nc6 4. Qc4 Nf6 5. Nc3 d5 6. exd5 Nb4 7. Bd3 Be7 8. a3 Nxd3+ 9. Qxd3 O-O 10. Bg5 Re8 11. O-O-O Ng4 12. Bxe7 Rxe7 13. Qf1 Bf5 14. h3 Ne5 15. g4 Bd7 16. Qg2 c6 17. f4 Nc4 18. dxc6 bxc6 19. Qf3 Ne3 20. Re1 Qb6 21. f5 Rb8 22. b4 Nd5 23. Rxe7 Nxe7 24. Nge2 c5 25. Qe3 cxb4 26. Qxb6 Rxb6 27. axb4 Rxb4 28. Rd1 Be8 29. Nd5 Nxd5 30. Rxd5 f6 31. c3 Rc4 32. Rd8 Kf8 33. Kc2 Kf7 34. Nd4 Ba4+ 35. Kd3 Rc7 36. Ra8 Bd1 37. Ne6 Rd7+ 38. Nd4 Bf3 39. Rc8 Bb7 40. Rc5 a6 41. Ra5 Rd6 42. c4 g6 43. c5 Rd7 44. fxg6+ {Black forfeits on time} 1-0

[Event "FICS rated lightning game"]
[Site "FICS freechess.org"]
[FICSGamesDBGameNo "20002094"]
[White "ghee(FM)"]
[Black "Modler"]
[WhiteElo "1988"]
[BlackElo "1820"]
[WhiteRD "na"]
[BlackRD "na"]
[TimeControl "120+0"]
[Date "1999.09.26"]
[Time "11:19:00"]
[WhiteClock "0:02:00.000"]
[BlackClock "0:02:00.000"]
[ECO "B23"]
[PlyCount "65"]
[Result "1-0"]

1. e4 c5 2. Nc3 Nf6 3. e5 Ng8 4. Nf3 d6 5. exd6 Qxd6 6. g3 Nf6 7. Bg2 Qe6+ 8. Ne2 Nc6 9. O-O g6 10. d4 cxd4 11. Nexd4 Nxd4 12. Nxd4 Qd7 13. c3 Bg7 14. Qb3 O-O 15. Rd1 Qc7 16. Nb5 Qa5 17. Bf4 Be6 18. c4 a6 19. Nc7 Bg4 20. f3 e5 21. Nxa8 exf4 22. fxg4 Rxa8 23. h3 fxg3 24. Qxg3 Qb6+ 25. Kh2 Re8 26. b3 h5 27. g5 Ne4 28. Bxe4 Bxa1 29. Bd5 Be5 30. Rd3 Qf2+ 31. Kh1 Bxg3 32. Rxg3 Qxg3 33. Bxf7+ {Black forfeits on time} 1-0

[Event "FICS rated blitz game"]
[Site "FICS freechess.org"]
[FICSGamesDBGameNo "20002093"]
[White "Bandit"]
[Black "JohnWr"]
[WhiteElo "1907"]
[BlackElo "1525"]
[WhiteRD "na"]
[BlackRD "na"]
[TimeControl "180+0"]
[Date "1999.09.26"]
[Time "08:37:00"]
[WhiteClock "0:03:00.000"]
[BlackClock "0:03:00.000"]
[ECO "C11"]
[PlyCount "77"]
[Result "1-0"]

1. e4 e6 2. d4 d5 3. Nc3 Nf6 4. Bg5 dxe4 5. Bxf6 gxf6 6. Nxe4 Nc6 7. Nf3 Qd7 8. c3 b6 9. Bd3 Be7 10. O-O Bb7 11. a4 Na5 12. b4 Nc6 13. a5 O-O 14. Qd2 bxa5 15. bxa5 Kh8 16. Qh6 f5 17. Nf6 Bxf6 18. Qxf6+ Kg8 19. a6 Bc8 20. Bb5 Qe7 21. Qh6 Nd8 22. Ng5 f6 23. Nf3 Qg7 24. Qxg7+ Kxg7 25. c4 Rf7 26. Rfe1 Bd7 27. Rab1 Rb8 28. Bxd7 Rxb1 29. Rxb1 Rxd7 30. Kf1 Kf7 31. Ke2 c6 32. Ke3 Ke7 33. Rb8 Kf7 34. c5 Rd5 35. Nd2 e5 36. dxe5 fxe5 37. Nb3 Rd7 38. Na5 Ke7 39. Nb7 {Black forfeits on time} 1-0